AoeStats
← aniketkulkarni0308

Arena

510117573Analyzed
4v4 RM · 3d ago on Sep 29, 2026· 61m 46s· 8 players
Game mode
Random Map
Map size
Large (8 player)
Population
200
Speed
Normal
Resources
Standard
Victory
Conquest
Starting age
Dark Age
Ending age
Imperial Age
RankedLock teamsTeams togetherTeam positionsShared explorationLock speedFull tech treeHidden civsTurbo modeCheats
Victory
Defeat
🇮🇳 Bengalis · India
874
+14
🇨🇳 Bulgarians · China
844
+15
🇩🇪 Shu · Germany
815
+16
🇹🇼 Saracens · Taiwan
753
+19
🇨🇱 Cumans · Chile
840
-17
🇹🇷 Celts · Türkiye
830
-16
🇧🇪 Danes · Belgium
821
-16
🇹🇷 Persians · Türkiye
802
-15
Dremora
5:47 Loom
11:01 Feudal Age
11:36 Double-Bit Axe
11:48 Gold Mining
15:13 Horse Collar
20:17 Padded Archer Armor
Caesar
12:35 Feudal Age
14:33 Double-Bit Axe
14:31 Horse Collar
20:17 Castle Age
18:13 Stone Mining
18:43 Gold Mining
20:07 Man-at-Arms
20:56 Scale Mail Armor
21:10 Forging
21:57 Bow Saw
21:48 Heavy Plow
21:46 Long Swordsman
23:22 Gambesons
33:39 Imperial Age
31:28 Loom
32:34 Bloodlines
32:25 Husbandry
32:41 Scale Barding Armor
33:41 Wheelbarrow
32:53 Town Watch
33:52 Stone Shaft Mining
34:05 Gold Shaft Mining
33:46 Padded Archer Armor
33:37 Fletching
34:30 Heated Shot
34:11 Two-Handed Swordsman
34:57 Cranequins
37:02 Chemistry
36:01 Murder Holes
36:29 Ballistics
36:48 Caravan
37:12 Hand Cart
37:36 Conscription
39:08 Leather Archer Armor
38:48 Bodkin Arrow
39:10 Chain Mail Armor
39:39 Town Patrol
39:17 Heavy Mounted Crossbowman
40:24 Champion
42:39 Plate Mail Armor
42:45 Iron Casting
Carexes
1:09 Loom
11:05 Feudal Age
15:18 Castle Age
19:08 Double-Bit Axe
26:27 Wheelbarrow
25:37 Town Watch
25:41 Horse Collar
26:13 Bow Saw
25:59 Gold Mining
26:00 Stone Mining
26:06 Stone Mining
26:55 Heavy Plow
28:35 Hand Cart
28:20 Town Patrol
31:21 Gold Shaft Mining
31:22 Stone Shaft Mining
31:04 Forging
30:47 Fletching
31:02 Scale Barding Armor
33:23 Ballistics
33:14 Masonry
36:29 Imperial Age
34:42 Bodkin Arrow
35:07 Chain Barding Armor
34:59 Forging
34:57 Scale Mail Armor
35:58 Kamandaran
36:15 Bloodlines
36:06 Husbandry
37:12 Conscription
36:19 Cavalier
38:53 Iron Casting
38:53 Plate Barding Armor
38:29 Thumb Ring
37:47 Crossbowman
39:51 Hoardings
39:58 Parthian Tactics
38:54 Heavy Cavalry Archer
40:38 Blast Furnace
39:54 Chain Mail Armor
41:58 Savar
42:01 Elite War Elephant
44:03 Chemistry
43:35 Architecture
43:58 Citadels
48:11 Padded Archer Armor
48:41 Plate Mail Armor
52:58 Leather Archer Armor
Merginator44
0:33 Loom
15:03 Feudal Age
15:42 Horse Collar
15:54 Double-Bit Axe
17:55 Gold Mining
17:57 Stone Mining
22:53 Castle Age
23:30 Pikeman
23:56 Arson
24:29 Bow Saw
25:14 Gold Shaft Mining
25:19 Stone Shaft Mining
25:58 Forging
25:50 Scale Mail Armor
25:44 Fletching
25:54 Padded Archer Armor
28:49 Iron Casting
30:08 Murder Holes
30:38 Chain Mail Armor
33:43 Wheelbarrow
32:53 Town Watch
34:45 Hand Cart
39:15 Imperial Age
37:20 Ballistics
39:04 Heavy Plow
40:44 Conscription
41:02 Hoardings
41:36 Elite Woad Raider
42:46 Heavy Scorpion
47:24 Chemistry
48:29 Blast Furnace
47:59 Plate Mail Armor
47:27 Bodkin Arrow
47:48 Leather Archer Armor
49:37 Capped Ram
50:45 Siege Ram
50:50 Elite Skirmisher
52:20 Furor Celtica
aniketkulkarni0308
11:21 Feudal Age
15:11 Castle Age
14:06 Double-Bit Axe
20:38 Scale Barding Armor
21:06 Town Watch
23:34 Wheelbarrow
23:44 Bow Saw
23:52 Loom
24:45 Horse Collar
25:05 Gold Mining
27:34 Hand Cart
27:48 Hand Cart
29:13 Chain Barding Armor
29:53 Bloodlines
30:12 Town Patrol
30:44 Stone Mining
35:10 Imperial Age
33:56 Forging
33:37 Fletching
33:48 Padded Archer Armor
33:59 Paiks
34:50 Heavy Plow
35:28 Gold Shaft Mining
35:28 Husbandry
34:50 Light Cavalry
36:22 Conscription
36:06 Bodkin Arrow
36:38 Elite Elephant Archer
39:53 Plate Barding Armor
39:21 Bracer
40:15 Iron Casting
41:06 Leather Archer Armor
40:21 Elite Ratha (Ranged)
43:52 Ballistics
45:33 Blast Furnace
45:18 Crop Rotation
45:21 Ring Archer Armor
46:01 Two-Man Saw
49:01 Elite Battle Elephant
51:41 Siege Engineers
51:47 Masonry
52:37 Chemistry
51:35 Murder Holes
51:43 Scale Mail Armor
51:39 Gambesons
51:15 Pikeman
51:55 Squires
51:41 Arson
54:37 Halberdier
ten7728
0:34 Loom
14:03 Feudal Age
19:56 Castle Age
20:28 Double-Bit Axe
20:25 Horse Collar
20:57 Fletching
21:13 Padded Archer Armor
22:33 Bow Saw
27:32 Town Watch
32:26 Wheelbarrow
32:25 Heavy Plow
32:17 Gold Mining
32:17 Stone Mining
33:35 Bloodlines
33:25 Husbandry
35:05 Light Cavalry
35:54 Scale Barding Armor
36:00 Forging
38:41 Imperial Age
36:38 Masonry
36:53 Chain Barding Armor
37:15 Sanctity
37:17 Bimaristan
37:52 Iron Casting
38:24 Masonry
38:55 Caravan
39:40 Hand Cart
40:32 Two-Man Saw
40:24 Conscription
41:23 Plate Barding Armor
41:48 Gold Shaft Mining
41:05 Elite Skirmisher
41:49 Bodkin Arrow
43:45 Bracer
44:02 Leather Archer Armor
44:22 Ballistics
45:03 Chemistry
46:21 Ring Archer Armor
46:52 Blast Furnace
46:27 Heavy Camel Rider
46:31 Hussar
48:07 Thumb Ring
49:08 Block Printing
49:04 Fervor
51:38 Murder Holes
53:59 Theocracy
60:12 Siege Engineers
观月
0:32 Loom
12:48 Feudal Age
14:32 Double-Bit Axe
19:47 Castle Age
20:04 Scale Barding Armor
21:39 Gold Mining
30:04 Gold Shaft Mining
29:44 Bow Saw
30:47 Wheelbarrow
38:49 Chain Barding Armor
40:53 Hand Cart
41:04 Scale Mail Armor
41:19 Horse Collar
41:35 Stone Mining
45:43 Imperial Age
44:19 Stirrups
44:47 Forging
45:57 Iron Casting
45:24 Heavy Plow
46:29 Chain Mail Armor
47:26 Plate Barding Armor
47:52 Blast Furnace
48:26 Caravan
49:08 Plate Mail Armor
48:08 Elite Konnik
49:00 Bagains
49:23 Conscription
49:32 Elite Konnik
51:04 Crop Rotation
51:14 Stone Shaft Mining
55:37 Husbandry
55:48 Bloodlines
VC
11:38 Feudal Age
12:15 Double-Bit Axe
12:12 Horse Collar
16:49 Gold Mining
16:50 Stone Mining
20:58 Castle Age
25:51 Loom
30:53 Wheelbarrow
32:23 Bow Saw
32:56 Fortified Wall
34:13 Masonry
34:24 Fletching
37:07 Imperial Age
36:02 Murder Holes
35:48 Treadmill Crane
38:46 Conscription
38:24 Bodkin Arrow
39:42 Bracer
39:48 Scale Barding Armor
39:31 Arrowslits
41:12 Two-Man Saw
40:59 Hand Cart
42:00 Chemistry
41:50 Gold Shaft Mining
42:31 Hoardings
42:44 Heavy Plow
43:21 Ballistics
43:26 Caravan
44:09 Padded Archer Armor
45:03 Architecture
46:21 Bolt Magazine
48:42 Pikeman
49:23 Squires
50:01 Forging
49:52 Scale Mail Armor
51:08 Halberdier
53:45 Chain Mail Armor
54:39 Plate Mail Armor
54:32 Chain Barding Armor
54:55 Leather Archer Armor
55:34 Coiled Serpent Array
54:56 Elite White Feather Guard
59:44 Guard Tower
60:00 Siege Engineers
60:27 Ring Archer Armor
60:33 Plate Barding Armor
61:17 Arson
61:19 Gambesons
61:53 Guilds
62:14 Coinage
Connection lost

Rejoining the realm…

Still unreachable

The connection could not be restored.

Session expired

The server has moved on; the page needs a fresh start.